General information
- name: BNet
- type: Ladder team game (AT/RT)
- host: Battle.net
- saver: ThreeComrades
map: MarketSquare
- players: 8
- length: 50:41
- speed: Fast
- version: 1.26 W3XP
- replay type: Public
» download(278 KB)
Players
team 1 (winner)

»
beto79 (
green | 31 APM | 1545 actions | 50:33)
8 Mountain King
2 Thunder Clap
3 Bash
2 Storm Bolt
1 Avatar
» actions
| Basic commands | 15 | |
| Build / train | 56 | |
| Enter build submenu | 24 | |
| Enter hero's abilities submenu | 8 | |
| Give item / drop item | 1 | |
| Remove unit from queue | 1 | |
| Right click | 879 | |
| Select / deselect | 490 | |
| Use ability | 68 | |
1545 total
» units
| Peasant | 11 | |
| Footman | 3 | |
| Knight | 7 | |
| Priest | 4 | |
25 total
» upgrades
| Swords | 2 | |
| Plating | 3 | |
| Priest Training | 2 | |
| Animal War Training | 1 | |
| Sorceress Training | 1 | |
9 total
» buildings
| Altar of Kings | 1 | |
| Farm | 12 | |
| Barracks | 3 | |
| Lumber Mill | 1 | |
| Arcane Vault | 1 | |
| Keep | 1 | |
| Blacksmith | 1 | |
| Scout Tower | 2 | |
| Guard Tower | 1 | |
| Castle | 1 | |
| Arcane Tower | 1 | |
| Arcane Sanctum | 1 | |
| Town Hall | 1 | |
27 total
» build order
00:32 Altar of Kings
00:48 Farm
01:05 Barracks
01:47 Lumber Mill
01:50 Farm
02:21 Arcane Vault
02:34 Farm
03:16 Farm
03:30 Keep
03:35 Blacksmith
04:01 Scout Tower
05:02 Scout Tower
05:04 Guard Tower
05:10 Farm
06:01 Castle
06:04 Barracks
06:07 Arcane Tower
06:10 Arcane Sanctum
07:09 Barracks
07:42 Farm
09:27 Farm
09:31 Farm
12:31 Farm
12:34 Farm
13:40 Farm
14:54 Farm
23:18 Town Hall
» items
| Lesser Clarity Potion | 5 | |
| Scroll of Regeneration | 1 | |
| Orb of Fire | 1 | |
| Mechanical Critter | 1 | |
8 total
ThreeComrades (
red | 77 APM | 3903 actions | 50:41)
9 Blood Mage
3 Flame Strike
2 Siphon Mana
1 Summon Phoenix
3 Banish
» actions
| Assign group hotkey | 50 | |
| Basic commands | 357 | |
| Build / train | 193 | |
| ESC pressed | 29 | |
| Enter build submenu | 61 | |
| Enter hero's abilities submenu | 9 | |
| Give item / drop item | 8 | |
| Right click | 1431 | |
| Select / deselect | 697 | |
| Select group hotkey | 819 | |
| Use ability | 249 | |
3903 total
» units
| Peasant | 39 | |
| Footman | 12 | |
| Dragonhawk Rider | 14 | |
| Sorceress | 1 | |
| Gryphon Rider | 10 | |
| Siege Engine | 6 | |
82 total
» upgrades
| Masonry | 3 | |
| Swords | 3 | |
| Armor | 3 | |
| Lumber Harvesting | 2 | |
| Cloud | 1 | |
| Sorceress Training | 2 | |
| Magic Sentry | 1 | |
| Animal War Training | 1 | |
| Priest Training | 2 | |
| Control Magic | 1 | |
| Storm Hammers | 1 | |
| Plating | 3 | |
| Gunpowder | 3 | |
| Defend | 1 | |
| Long Rifles | 1 | |
| Barrage | 1 | |
29 total
» buildings
| Altar of Kings | 1 | |
| Barracks | 1 | |
| Farm | 10 | |
| Town Hall | 4 | |
| Lumber Mill | 2 | |
| Arcane Vault | 1 | |
| Scout Tower | 30 | |
| Guard Tower | 38 | |
| Keep | 1 | |
| Blacksmith | 1 | |
| Castle | 2 | |
| Gryphon Aviary | 4 | |
| Arcane Sanctum | 1 | |
| Arcane Tower | 3 | |
| Workshop | 3 | |
102 total
» build order
00:03 Altar of Kings
00:06 Barracks
00:08 Farm
00:53 Farm
01:55 Farm
03:34 Town Hall
03:51 Farm
04:33 Farm
04:39 Lumber Mill
04:49 Arcane Vault
04:56 Scout Tower
04:58 Scout Tower
05:01 Scout Tower
05:12 Scout Tower
05:13 Scout Tower
05:14 Scout Tower
05:18 Scout Tower
05:21 Scout Tower
05:21 Scout Tower
05:43 Guard Tower
05:43 Guard Tower
05:43 Guard Tower
05:44 Guard Tower
05:44 Guard Tower
05:45 Guard Tower
05:45 Guard Tower
06:15 Guard Tower
06:18 Guard Tower
06:18 Guard Tower
06:28 Keep
07:49 Scout Tower
07:50 Scout Tower
07:52 Scout Tower
08:30 Guard Tower
08:34 Blacksmith
08:50 Castle
08:50 Castle
08:55 Gryphon Aviary
08:56 Gryphon Aviary
12:16 Arcane Sanctum
12:58 Scout Tower
12:59 Scout Tower
12:59 Scout Tower
13:01 Scout Tower
13:02 Scout Tower
13:04 Scout Tower
13:05 Scout Tower
13:29 Guard Tower
13:29 Guard Tower
13:29 Guard Tower
13:30 Guard Tower
13:30 Guard Tower
13:31 Guard Tower
13:38 Guard Tower
13:38 Guard Tower
14:37 Gryphon Aviary
14:40 Gryphon Aviary
16:43 Farm
16:44 Farm
16:51 Farm
16:54 Farm
17:01 Farm
18:43 Town Hall
18:45 Scout Tower
18:46 Scout Tower
18:47 Scout Tower
18:48 Scout Tower
19:33 Guard Tower
20:08 Town Hall
21:29 Lumber Mill
22:03 Scout Tower
29:34 Arcane Tower
31:48 Scout Tower
31:50 Scout Tower
31:51 Scout Tower
31:52 Scout Tower
31:53 Scout Tower
32:27 Town Hall
32:40 Guard Tower
32:40 Guard Tower
32:41 Guard Tower
32:42 Guard Tower
32:42 Guard Tower
32:42 Guard Tower
32:43 Guard Tower
32:43 Guard Tower
35:32 Workshop
35:33 Workshop
35:43 Workshop
37:08 Scout Tower
37:35 Arcane Tower
» items
| Scroll of Regeneration | 6 | |
| Boots of Speed | 1 | |
| Staff of Teleportation | 1 | |
| Periapt of Vitality | 1 | |
| Potion of Invisibility | 1 | |
| Lesser Clarity Potion | 7 | |
| Potion of Healing | 3 | |
| Scroll of Town Portal | 3 | |
| Potion of Lesser Invulnerability | 1 | |
24 total

»
r00t_0f_evil (
pink | 71 APM | 1684 actions | 23:35)
7 Dark Ranger
3 Black Arrow
3 Silence
1 Charm
» actions
| Assign group hotkey | 51 | |
| Basic commands | 5 | |
| Build / train | 46 | |
| ESC pressed | 6 | |
| Enter build submenu | 21 | |
| Enter hero's abilities submenu | 7 | |
| Right click | 715 | |
| Select / deselect | 257 | |
| Select group hotkey | 545 | |
| Use ability | 31 | |
1684 total
» units
| Acolyte | 8 | |
| Ghoul | 3 | |
| Crypt Fiend | 5 | |
| Frost Wyrm | 6 | |
22 total
» upgrades
| Creature Attack | 3 | |
| Web | 1 | |
| Backpack | 1 | |
| Creature Carapace | 1 | |
6 total
» buildings
| Altar of Darkness | 1 | |
| Crypt | 1 | |
| Ziggurat | 6 | |
| Graveyard | 1 | |
| Halls of the Dead | 4 | |
| Nerubian Tower | 1 | |
| Tomb of Relics | 1 | |
| Sacrificial Pit | 1 | |
| Black Citadel | 1 | |
| Spirit Tower | 4 | |
| Boneyard | 2 | |
23 total
» build order
00:12 Altar of Darkness
00:20 Crypt
00:45 Ziggurat
01:08 Graveyard
01:51 Ziggurat
02:56 Halls of the Dead
02:57 Halls of the Dead
03:12 Ziggurat
03:54 Nerubian Tower
04:40 Tomb of Relics
04:44 Ziggurat
05:33 Sacrificial Pit
05:49 Black Citadel
05:54 Spirit Tower
06:00 Ziggurat
07:50 Spirit Tower
08:18 Boneyard
08:35 Boneyard
10:57 Ziggurat
13:19 Spirit Tower
13:33 Spirit Tower
SmokeThis (
yellow | 29 APM | 568 actions | 19:34)
4 Priestess of the Moon
2 Trueshot Aura
2 Searing Arrows
2 Keeper of the Grove
1 Entangling Roots
1 Thorns Aura
» actions
| Assign group hotkey | 12 | |
| Basic commands | 2 | |
| Build / train | 52 | |
| ESC pressed | 3 | |
| Enter build submenu | 17 | |
| Enter hero's abilities submenu | 6 | |
| Right click | 219 | |
| Select / deselect | 187 | |
| Select group hotkey | 34 | |
| Use ability | 36 | |
568 total
» units
| Wisp | 16 | |
| Archer | 6 | |
| Hippogryph | 6 | |
| Chimaera | 6 | |
34 total
» upgrades
| Strength of the Wild | 2 | |
| Reinforced Hides | 2 | |
| Well Spring | 1 | |
| Ultravision | 1 | |
| Corrosive Breath | 1 | |
7 total
» buildings
| Altar of Elders | 1 | |
| Moon Well | 8 | |
| Ancient of War | 1 | |
| Tree of Ages | 1 | |
| Ancient of Wonders | 1 | |
| Hunter's Hall | 1 | |
| Tree of Eternity | 1 | |
| Ancient of Wind | 1 | |
| Tree of Life | 2 | |
| Chimaera Roost | 2 | |
19 total
» build order
00:21 Altar of Elders
00:35 Moon Well
00:49 Ancient of War
01:42 Moon Well
02:39 Tree of Ages
02:54 Moon Well
03:50 Ancient of Wonders
04:25 Moon Well
05:25 Hunter's Hall
06:00 Tree of Eternity
06:07 Ancient of Wind
06:33 Moon Well
06:50 Tree of Life
08:06 Moon Well
09:49 Chimaera Roost
09:55 Chimaera Roost
14:45 Moon Well
15:19 Tree of Life
17:17 Moon Well
» items
team 2 (loser)
iNoSpeak (
teal | 56 APM | 1120 actions | 20:08)
4 Paladin
2 Divine Shield
2 Holy Light
» actions
| Assign group hotkey | 4 | |
| Basic commands | 3 | |
| Build / train | 49 | |
| Enter build submenu | 23 | |
| Enter hero's abilities submenu | 5 | |
| Give item / drop item | 1 | |
| Right click | 757 | |
| Select / deselect | 211 | |
| Select group hotkey | 14 | |
| Use ability | 53 | |
1120 total
» units
» upgrades
| Lumber Harvesting | 1 | |
| Plating | 2 | |
| Masonry | 1 | |
| Swords | 2 | |
6 total
» buildings
| Altar of Kings | 1 | |
| Farm | 10 | |
| Scout Tower | 4 | |
| Arcane Tower | 1 | |
| Keep | 3 | |
| Lumber Mill | 1 | |
| Guard Tower | 3 | |
| Arcane Vault | 1 | |
| Arcane Sanctum | 2 | |
| Blacksmith | 1 | |
| Castle | 1 | |
28 total
» build order
00:13 Altar of Kings
00:22 Farm
01:02 Scout Tower
01:30 Arcane Tower
02:00 Keep
02:00 Keep
02:22 Lumber Mill
02:47 Scout Tower
03:29 Guard Tower
03:45 Arcane Vault
04:05 Farm
04:30 Arcane Sanctum
04:40 Arcane Sanctum
04:57 Blacksmith
05:49 Farm
06:01 Farm
06:28 Farm
06:34 Scout Tower
06:50 Farm
07:18 Scout Tower
07:46 Guard Tower
07:55 Farm
08:01 Guard Tower
08:04 Farm
08:46 Farm
10:18 Farm
15:13 Castle
» items
| Scroll of Regeneration | 1 | |
| Potion of Healing | 1 | |
| Periapt of Vitality | 2 | |
| Potion of Lesser Invulnerability | 2 | |
| Staff of Teleportation | 1 | |
| Potion of Invisibility | 1 | |
8 total
OhComradeZwick (
orange | 59 APM | 2982 actions | 50:33)
6 Blood Mage
3 Flame Strike
2 Siphon Mana
1 Summon Phoenix
» actions
| Assign group hotkey | 90 | |
| Basic commands | 200 | |
| Build / train | 119 | |
| Enter build submenu | 68 | |
| Enter hero's abilities submenu | 6 | |
| Give item / drop item | 12 | |
| Right click | 1459 | |
| Select / deselect | 541 | |
| Select group hotkey | 270 | |
| Use ability | 217 | |
2982 total
» units
| Peasant | 41 | |
| Footman | 15 | |
| Sorceress | 4 | |
| Flying Machine | 1 | |
61 total
» upgrades
| Masonry | 3 | |
| Defend | 1 | |
| Lumber Harvesting | 2 | |
| Sorceress Training | 1 | |
| Magic Sentry | 1 | |
| Gunpowder | 2 | |
| Plating | 2 | |
12 total
» buildings
| Altar of Kings | 2 | |
| Barracks | 1 | |
| Farm | 5 | |
| Arcane Vault | 3 | |
| Keep | 2 | |
| Lumber Mill | 1 | |
| Town Hall | 3 | |
| Scout Tower | 40 | |
| Arcane Sanctum | 1 | |
| Guard Tower | 9 | |
| Castle | 2 | |
| Arcane Tower | 14 | |
| Blacksmith | 1 | |
| Workshop | 6 | |
90 total
» build order
00:55 Altar of Kings
00:58 Barracks
01:07 Farm
01:10 Farm
01:28 Farm
02:19 Farm
03:06 Arcane Vault
03:08 Arcane Vault
03:33 Keep
03:48 Lumber Mill
05:24 Town Hall
05:28 Scout Tower
05:28 Scout Tower
05:28 Scout Tower
05:37 Scout Tower
05:37 Scout Tower
05:56 Arcane Sanctum
06:02 Guard Tower
06:05 Scout Tower
06:07 Scout Tower
06:09 Scout Tower
06:09 Scout Tower
06:50 Guard Tower
08:06 Guard Tower
10:05 Guard Tower
10:08 Castle
10:39 Guard Tower
10:44 Scout Tower
10:44 Scout Tower
12:32 Scout Tower
12:32 Scout Tower
12:32 Scout Tower
12:33 Scout Tower
12:33 Scout Tower
12:34 Scout Tower
12:55 Scout Tower
13:03 Scout Tower
13:03 Scout Tower
13:05 Scout Tower
13:07 Scout Tower
13:10 Guard Tower
13:11 Guard Tower
13:16 Guard Tower
14:37 Arcane Tower
17:25 Guard Tower
22:48 Farm
24:29 Keep
24:31 Arcane Vault
24:50 Scout Tower
24:51 Scout Tower
24:53 Scout Tower
24:54 Scout Tower
24:57 Scout Tower
25:27 Scout Tower
25:31 Scout Tower
25:35 Scout Tower
25:38 Scout Tower
25:41 Arcane Tower
26:35 Arcane Tower
27:42 Arcane Tower
27:48 Arcane Tower
31:11 Blacksmith
32:30 Town Hall
33:29 Town Hall
38:23 Workshop
38:23 Workshop
46:05 Altar of Kings
47:42 Scout Tower
47:42 Scout Tower
47:43 Scout Tower
47:43 Scout Tower
47:43 Scout Tower
47:45 Scout Tower
47:45 Scout Tower
47:47 Scout Tower
47:48 Scout Tower
47:50 Castle
47:55 Workshop
47:56 Workshop
47:58 Workshop
48:02 Workshop
48:33 Arcane Tower
48:36 Arcane Tower
48:36 Arcane Tower
48:36 Arcane Tower
48:37 Arcane Tower
48:41 Arcane Tower
48:42 Arcane Tower
49:36 Arcane Tower
» items
| Scroll of Regeneration | 4 | |
| Scroll of Town Portal | 4 | |
| Boots of Speed | 1 | |
| Staff of Teleportation | 1 | |
| Periapt of Vitality | 2 | |
12 total
MANSON-FAMILY (
blue | 77 APM | 3267 actions | 42:15)
8 Blademaster
3 Wind Walk
3 Critical Strike
1 Bladestorm
1 Mirror Image
6 Shadow Hunter
2 Hex
3 Healing Wave
1 Big Bad Voodoo
2 Paladin
1 Holy Light
1 Resurrection
» actions
| Assign group hotkey | 71 | |
| Basic commands | 15 | |
| Build / train | 113 | |
| Enter build submenu | 21 | |
| Enter hero's abilities submenu | 17 | |
| Give item / drop item | 9 | |
| Remove unit from queue | 1 | |
| Right click | 1359 | |
| Select / deselect | 372 | |
| Select group hotkey | 977 | |
| Use ability | 312 | |
3267 total
» units
| Peon | 25 | |
| Grunt | 4 | |
| Wind Rider | 6 | |
| Troll Batrider | 38 | |
73 total
» upgrades
| Ranged Weapons | 2 | |
| Envenomed Spears | 1 | |
| Reinforced Defenses | 1 | |
| Armor | 2 | |
| Liquid Fire | 1 | |
7 total
» buildings
| Altar of Storms | 1 | |
| Orc Burrow | 8 | |
| Barracks | 1 | |
| Voodoo Lounge | 1 | |
| Stronghold | 2 | |
| War Mill | 1 | |
| Beastiary | 4 | |
| Fortress | 1 | |
| Great Hall | 1 | |
| Watch Tower | 18 | |
38 total
» build order
00:15 Altar of Storms
00:24 Orc Burrow
00:43 Barracks
01:38 Orc Burrow
02:13 Voodoo Lounge
02:55 Stronghold
02:55 Stronghold
03:11 Orc Burrow
03:58 War Mill
05:37 Beastiary
05:38 Beastiary
06:15 Fortress
06:51 Orc Burrow
07:31 Great Hall
11:14 Watch Tower
11:14 Watch Tower
11:14 Watch Tower
12:29 Watch Tower
12:29 Watch Tower
13:58 Watch Tower
13:58 Watch Tower
15:16 Watch Tower
15:24 Orc Burrow
15:24 Orc Burrow
18:01 Watch Tower
18:01 Watch Tower
18:01 Watch Tower
18:02 Watch Tower
18:02 Watch Tower
18:03 Watch Tower
18:03 Watch Tower
18:03 Watch Tower
18:03 Watch Tower
32:48 Orc Burrow
32:48 Orc Burrow
32:52 Beastiary
32:55 Beastiary
» items
| Healing Salve | 4 | |
| Scroll of Town Portal | 4 | |
| Orb of Lightning | 1 | |
| Staff of Teleportation | 1 | |
10 total
starcraftplayer (
purple | 31 APM | 1341 actions | 43:50)
7 Priestess of the Moon
3 Searing Arrows
3 Trueshot Aura
1 Starfall
» actions
| Basic commands | 206 | |
| Build / train | 135 | |
| Enter build submenu | 33 | |
| Enter hero's abilities submenu | 9 | |
| Give item / drop item | 1 | |
| Remove unit from queue | 2 | |
| Right click | 459 | |
| Select / deselect | 401 | |
| Use ability | 95 | |
1341 total
» units
» upgrades
| Strength of the Moon | 3 | |
| Moon Armor | 3 | |
| Improved Bows | 1 | |
| Marksmanship | 1 | |
| Well Spring | 1 | |
9 total
» buildings
| Moon Well | 11 | |
| Altar of Elders | 2 | |
| Hunter's Hall | 1 | |
| Ancient of War | 4 | |
| Ancient of Wonders | 1 | |
| Tree of Ages | 1 | |
| Tree of Life | 11 | |
| Tree of Eternity | 1 | |
32 total
» build order
00:29 Moon Well
01:12 Moon Well
01:16 Altar of Elders
02:42 Moon Well
02:45 Hunter's Hall
02:57 Ancient of War
03:06 Ancient of Wonders
04:09 Moon Well
05:22 Tree of Ages
06:42 Moon Well
08:19 Tree of Life
08:25 Tree of Eternity
10:08 Ancient of War
14:45 Tree of Life
14:49 Moon Well
17:14 Tree of Life
22:10 Tree of Life
22:53 Altar of Elders
22:55 Moon Well
24:12 Moon Well
27:16 Tree of Life
27:47 Moon Well
27:52 Ancient of War
28:29 Tree of Life
31:10 Tree of Life
32:28 Tree of Life
33:25 Tree of Life
36:38 Ancient of War
37:52 Tree of Life
38:00 Moon Well
38:03 Moon Well
38:17 Tree of Life
» items
| Potion of Lesser Invulnerability | 1 | |
| Scroll of Town Portal | 5 | |
| Potion of Healing | 2 | |
8 total
Chat log
(00:07 / All) MANSON-FAMILY: god damn lvl 1's
(00:27 / All) r00t_0f_evil: they reset the ladder
(00:39 / All) SmokeThis: ya i'm right good
(00:50 / Allies) r00t_0f_evil: units
(00:59 / Allies) r00t_0f_evil: fiends/frost for me
(02:28 / Allies) SmokeThis: plan
(06:58 / Allies) SmokeThis: mid?
(07:03 / Allies) r00t_0f_evil: yea after this
(07:26 / Allies) r00t_0f_evil: thats mine
(07:33 / Allies) SmokeThis: bo
(07:34 / Allies) SmokeThis: cancel
(07:36 / Allies) r00t_0f_evil: forget it
(07:37 / Allies) r00t_0f_evil: take it
(08:39 / Allies) r00t_0f_evil: massing wyrms
(08:47 / Allies) r00t_0f_evil: nice'
(09:12 / Allies) r00t_0f_evil: omw
(09:30 / Allies) r00t_0f_evil: nice
(09:42 / Allies) r00t_0f_evil: wyrms pumping
(09:55 / Allies) r00t_0f_evil: lets hit mid
(10:26 / Allies) r00t_0f_evil: come
(11:18 / All) ThreeComrades: sick invis micro
(11:34 / Allies) r00t_0f_evil: yea
(11:54 / Allies) r00t_0f_evil: fuck
(12:02 / Allies) r00t_0f_evil: let him have it
(12:03 / All) starcraftplayer: quickly - 4 dagger attack stance
(12:11 / Allies) r00t_0f_evil: heal and hit
(12:31 / Allies) r00t_0f_evil: go
(12:56 / Allies) r00t_0f_evil: tp
(12:58 / Allies) r00t_0f_evil: now
(13:13 / Allies) r00t_0f_evil: lets hit
(13:16 / Allies) r00t_0f_evil: yea
(13:27 / All) starcraftplayer: dagger one advance
(14:10 / Allies) r00t_0f_evil: tp
(14:20 / Allies) r00t_0f_evil: tp!
(14:22 / Allies) r00t_0f_evil: now!
(14:45 / Allies) r00t_0f_evil: we have to hit now
(14:47 / Allies) r00t_0f_evil: yes
(16:17 / Allies) r00t_0f_evil: gold please
(17:13 / Allies) r00t_0f_evil: i need gold please
(17:23 / Allies) r00t_0f_evil: have to build gold mine
(19:25 / Allies) SmokeThis: wtf red
(19:32 / All) SmokeThis: gg red tk
(19:45 / All) MANSON-FAMILY: lawl
(20:52 / Allies) r00t_0f_evil: gold me
(20:55 / Allies) r00t_0f_evil: to build units
(22:29 / Allies) r00t_0f_evil: nexzt base
(22:42 / All) MANSON-FAMILY: u guys suck!
(22:47 / All) r00t_0f_evil: terribly
(22:53 / All) r00t_0f_evil: no communaction
(22:59 / All) MANSON-FAMILY: what happeend
(23:00 / All) MANSON-FAMILY: did red tk?
(23:06 / All) r00t_0f_evil: no just didnt fight with us
(23:10 / All) ThreeComrades: Yes I did.
(23:14 / All) starcraftplayer: he did a little tking
(23:14 / All) ThreeComrades: Green's knights dead now.
(23:16 / All) starcraftplayer: i saw him
(23:19 / All) MANSON-FAMILY: god damn noob tkers
(23:22 / All) MANSON-FAMILY: some people
(23:43 / All) OhComradeZwick: all that for my second dagger
(23:57 / All) OhComradeZwick: that would rape if they had seperate cooldowns
(24:13 / All) beto79: lets see how good this team killer is
(24:19 / All) MANSON-FAMILY: just purple and green left
(24:20 / All) beto79: wonder why people do that
(24:28 / All) MANSON-FAMILY: green
(24:29 / All) beto79: still a head scratcher
(24:31 / All) MANSON-FAMILY: will u stay in the game
(24:56 / All) MANSON-FAMILY: green vs purple
(25:38 / All) MANSON-FAMILY: i totally raped this game took our 3 players
(25:41 / All) MANSON-FAMILY: couldn't defend turncoat
(26:00 / All) beto79: how stupid are you blue
(26:01 / 6) ThreeComrades: Will you be able to rebuild enough or did that attack hurt too much?
(26:06 / All) beto79: -_-
(26:06 / All) MANSON-FAMILY: what u mean
(26:08 / All) beto79: really
(26:09 / All) beto79: really
(26:19 / All) beto79: red did not get me mad for god sake
(26:29 / All) beto79: he team killed 2 of us -_- LOL!
(26:36 / All) MANSON-FAMILY: i wiped out 3 of ur bases
(26:40 / All) MANSON-FAMILY: and killed 2 armies
(26:44 / All) beto79: LOL!
(26:45 / All) beto79: LOL!
(26:57 / All) beto79: -_- yup your speical thats all I am going to say
(27:15 / All) MANSON-FAMILY: ur gonna be 3-3 to start the new ladder season off green
(27:17 / All) MANSON-FAMILY: plz be ashamed
(27:18 / All) MANSON-FAMILY: of urself
(27:20 / All) starcraftplayer: have heart, you can still win!
(27:28 / All) ThreeComrades: Want a hero back green?
(27:35 / All) beto79: go to my base
(27:39 / All) beto79: i have no hero red
(27:45 / All) ThreeComrades: Make it, I shall allow it
(27:48 / All) ThreeComrades: You can have 1 hero
(28:02 / All) ThreeComrades: You can have 1 farm, 1 hero
(28:03 / All) ThreeComrades: ok?
(28:22 / Allies) beto79: i dont have a peon to buy one LOL!
(28:23 / All) ThreeComrades: Build it, don't be shy.
(28:26 / All) MANSON-FAMILY: lawl
(28:28 / All) ThreeComrades: The altar idiot.
(28:29 / All) OhComradeZwick: fag
(28:33 / All) MANSON-FAMILY: ill give it back
(28:36 / Allies) beto79: AHH
(28:46 / All) MANSON-FAMILY: take 3 claws
(28:47 / All) MANSON-FAMILY: turncoat
(28:57 / All) MANSON-FAMILY: my bm does
(29:03 / All) MANSON-FAMILY: 110 damage
(29:36 / All) OhComradeZwick: kik
(29:39 / All) OhComradeZwick: lol
(29:43 / All) MANSON-FAMILY: k what?
(31:05 / All) MANSON-FAMILY: sorry rod mistake
(31:06 / 6) ThreeComrades: when the fuck can we rape jake
(31:08 / All) ThreeComrades: You will pay for that.
(31:09 / All) MANSON-FAMILY: u can have my claws
(32:00 / All) MANSON-FAMILY: ok listen up
(32:01 / Allies) beto79: WE EVER ATTACKING
(32:03 / All) MANSON-FAMILY: purple and green
(32:10 / All) ThreeComrades: We aren't doing a standoff, shut the fuck up.
(33:07 / All) beto79: WHAT HAPPEN TO MY FUCKING CHICKEN
(33:18 / All) beto79: YOU FUCKERS KILLED IT
(33:19 / All) ThreeComrades: are you black?
(33:25 / All) beto79: NO
(33:37 / All) beto79: SPANISH AND FROM SPAIN FOOL
(34:10 / All) beto79: WHERES MY FICKING MECHANICAL CHICKEN!!
(34:40 / All) ThreeComrades: How much gold do you have jake?
(34:47 / All) MANSON-FAMILY: 15k
(35:03 / 6) ThreeComrades: going to need your help
(36:11 / All) beto79: THUNDER OR HEAT TONIGHT
(36:36 / All) OhComradeZwick: I didn't watch a single playoff game
(36:49 / All) beto79: ITS BEEN PAID FOR
(36:56 / All) beto79: SOOOO MANY BULL SHIT ASS CALLS
(39:47 / All) beto79: MAN I CANT RUN LIKE MIKE WTF
(40:12 / All) ThreeComrades: How much gold are you spending on repairs?
(42:07 / All) starcraftplayer: I HAVE NO BEEF WITH YOU
(42:20 / All) OhComradeZwick: kill the potm
(42:21 / All) OhComradeZwick: i help
(42:26 / All) ThreeComrades: Aww he left
(42:34 / 6) ThreeComrades: guess we'll have to get him next game
(42:40 / All) starcraftplayer: LOL
(43:38 / All) OhComradeZwick: Purple is on my shitlist too
(43:40 / All) OhComradeZwick: fucking idiot
(43:42 / All) starcraftplayer: lololo
(43:59 / All) OhComradeZwick: k
(44:01 / All) OhComradeZwick: green has to lsoe
(44:30 / All) OhComradeZwick: All of my side is gone
(44:35 / All) ThreeComrades: If you were smart you would have avatared green
(45:11 / All) OhComradeZwick: He wanted me to get units
(45:16 / All) OhComradeZwick: I had no wood and purple was sending shit at me
(45:47 / All) OhComradeZwick: leave retard green
(47:02 / All) OhComradeZwick: avatar is so annoying
(47:36 / All) ThreeComrades: all my shit is queued up alt tabbing now